AoeStats
← Avalentino

Arena

508598131Analyzed
3v3 RM · 8d ago on Sep 23, 2026· 47m 14s· 6 players
Game mode
Random Map
Map size
Normal (6 player)
Population
200
Speed
Normal
Resources
Standard
Victory
Conquest
Starting age
Dark Age
Ending age
Imperial Age
RankedLock teamsTeams togetherTeam positionsShared explorationLock speedFull tech treeHidden civsTurbo modeCheats
Victory
Defeat
🇺🇸 Magyars · United States
1031
+15
🇵🇪 Teutons · Peru
1029
+16
🇲🇴 Goths · Macao SAR China
987
+17
🇲🇽 Bohemians · Mexico
1054
-17
🇲🇽 Slavs · Mexico
1009
-16
🇲🇽 Turks · Mexico
992
-15
PePe_ToÑo
12:05 Feudal Age
17:09 Castle Age
22:15 Imperial Age
22:22 Padded Archer Armor
22:42 Horse Collar
22:50 Double-Bit Axe
35:19 Leather Archer Armor
DarkenL
11:34 Feudal Age
15:10 Castle Age
13:13 Horse Collar
25:29 Double-Bit Axe
25:46 Heavy Plow
26:49 Wheelbarrow
32:34 Imperial Age
29:52 Loom
31:07 Bow Saw
31:01 Padded Archer Armor
32:52 Chemistry
38:20 Hand Cart
38:49 Forging
38:39 Scale Mail Armor
39:09 Pikeman
41:10 Halberdier
44:01 Iron Casting
43:41 Chain Mail Armor
46:25 Chain Mail Armor
47:56 Ballistics
Spartano187
5:37 Loom
11:38 Feudal Age
18:08 Castle Age
16:40 Stone Mining
17:11 Double-Bit Axe
17:46 Horse Collar
23:58 Gold Mining
29:30 Gold Shaft Mining
29:17 Heavy Plow
29:55 Bow Saw
33:11 Detinets
36:58 Imperial Age
35:09 Squires
35:50 Ballistics
36:19 Fortified Wall
37:27 Wheelbarrow
Avalentino
1:53 Loom
11:59 Feudal Age
16:47 Castle Age
15:31 Double-Bit Axe
15:27 Horse Collar
18:51 Wheelbarrow
20:01 Gold Mining
22:55 Fervor
24:36 Town Watch
25:37 Heavy Plow
27:27 Forging
29:37 Squires
29:42 Scale Mail Armor
30:18 Iron Casting
30:49 Chain Mail Armor
30:13 Pikeman
34:59 Imperial Age
33:27 Hand Cart
35:10 Ballistics
34:31 Treadmill Crane
36:08 Conscription
35:49 Perfusion
35:52 Anarchy
36:28 Crop Rotation
36:13 Bow Saw
36:02 Elite Huskarl
38:34 Blast Furnace
37:38 Perfusion
38:31 Heavy Scorpion
40:04 Onager
42:55 Bloodlines
42:06 Light Cavalry
42:46 Husbandry
48:14 Chemistry
lu23
4:12 Loom
12:37 Feudal Age
17:08 Castle Age
15:07 Horse Collar
15:14 Double-Bit Axe
18:03 Town Watch
23:42 Wheelbarrow
24:19 Stone Mining
27:32 Gold Mining
28:57 Forging
28:54 Scale Barding Armor
33:03 Imperial Age
30:49 Bow Saw
32:25 Bloodlines
32:31 Heavy Plow
34:08 Iron Casting
33:54 Chain Barding Armor
33:26 Fletching
34:45 Crenellations
35:26 Conscription
36:00 Town Patrol
36:16 Hand Cart
36:13 Cavalier
37:00 Bodkin Arrow
38:28 Chemistry
39:05 Two-Man Saw
39:05 Ballistics
40:09 Hoardings
41:04 Plate Barding Armor
41:34 Blast Furnace
41:56 Masonry
41:53 Siege Engineers
42:34 Stone Shaft Mining
45:34 Padded Archer Armor
46:50 Leather Archer Armor
My Baby Shot Me Down
10:36 Feudal Age
12:30 Loom
12:42 Double-Bit Axe
15:38 Castle Age
13:57 Double-Bit Axe
13:53 Horse Collar
15:16 Stone Mining
21:20 Gold Mining
24:40 Gold Shaft Mining
24:16 Bow Saw
24:07 Heavy Plow
28:23 Wheelbarrow
27:34 Town Watch
27:34 Crossbowman
30:37 Corvinian Army
33:04 Thumb Ring
33:30 Fletching
33:41 Padded Archer Armor
33:49 Scale Barding Armor
36:47 Bodkin Arrow
37:47 Hand Cart
38:11 Chain Barding Armor
40:43 Leather Archer Armor
48:26 Imperial Age
Connection lost

Rejoining the realm…

Still unreachable

The connection could not be restored.

Session expired

The server has moved on; the page needs a fresh start.